 Dungeon Crawl Stone Soup version 0.28.0-1-gb440e238dd (webtiles) character file.

Game seed: 13787812077375437880

1263 Morbidden the Slasher (level 8, -1/61 HPs)
             Began as a Demonspawn Fighter on Feb 23, 2022.
             Was a Follower of Cheibriados.
             Slain by Eustachio (4 damage)
             ... on level 6 of the Dungeon.
             The game lasted 00:05:58 (5946 turns).

Morbidden the Slasher (Demonspawn Fighter)          Turns: 5946, Time: 00:05:58

Health: -1/61      AC: 17    Str: 21    XL:     8   Next: 27%
Magic:  12/12      EV:  7    Int: 11    God:    Cheibriados [*.....]
Gold:   224        SH:  9    Dex: 15    Spells: 12/13 levels left

rFire   . . .      SeeInvis .   a - +0 long sword
rCold   . . .      Faith    .   m - +0 kite shield
rNeg    + . .      Spirit   .   o - +2 chain mail {rN+}
rPois   .          Reflect  .   l - +2 helmet
rElec   .          Harm     .   (no cloak)
rCorr   .          Rampage  .   (no gloves)
Will    .....                   (no boots)
Stlth   ..........              (no amulet)
HPRegen 0.20/turn               (no ring)
MPRegen 0.13/turn               (no ring)

@: very slow
A: hooves 1, icy blue scales 2, spiny 3, demonic magic 1
a: Renounce Religion, Bend Time


You were on level 6 of the Dungeon.
You worshipped Cheibriados.
Cheibriados was aware of your devotion.
You visited 2 branches of the dungeon, and saw 7 of its levels.

You collected 224 gold pieces.

Inventory:

Hand Weapons
 a - a +0 long sword (weapon)
 p - a +0 dagger of electrocution
Missiles
 h - 4 boomerangs (quivered)
 q - a curare-tipped dart
Armour
 l - a +2 helmet (worn)
 m - a +0 kite shield (worn)
 o - a +2 chain mail of positive energy (worn)
Wands
 r - a wand of flame (21)
Scrolls
 b - 2 scrolls of fog
 e - 3 scrolls of identify
 f - 2 scrolls of teleportation
 g - a scroll of vulnerability {unknown}
 j - a scroll of blinking {unknown}
 s - a scroll of holy word {unknown}
 t - a scroll of noise {unknown}
 u - a scroll of immolation {unknown}
Potions
 c - a potion of attraction
 d - 2 potions of might
 i - 2 potions of curing {unknown}
 k - a potion of haste {unknown}
 n - a potion of degeneration {unknown}


   Skills:
 * Level 4.5 Fighting
 * Level 4.8 Long Blades
 + Level 1.0 Throwing
 + Level 4.1 Armour
 * Level 2.4 Dodging
 + Level 0.2 Stealth
 * Level 4.0 Shields
 * Level 3.0 Spellcasting
 * Level 3.3 Necromancy
 * Level 1.9 Invocations


You had 12 spell levels left.
You knew the following spells:

 Your Spells              Type           Power      Damage    Failure   Level
a - Pain                  Necr           36%        1d5       87%         1

Your spell library contained the following spells:

 Spells                   Type           Power      Damage    Failure   Level
 Animate Skeleton         Necr           18%        N/A       87%         1
 Vampiric Draining        Necr           9%         2d6       99%         3
 Gell's Gravitas          Tloc           1%         N/A       100%        3
 Lesser Beckoning         Tloc           1%         N/A       100%        3
 Summon Guardian Golem    Hex/Summ       1%         N/A       100%        3
 Teleport Other           Tloc           1%         N/A       100%        3
 Orb of Destruction       Conj           0%         9d5       100%        7
 Spellforged Servitor     Conj/Summ      0%         N/A       100%        7


Dungeon Overview and Level Annotations

Branches:
Dungeon (6/15)             Temple (1/1) D:4

Altars:
Ashenzari
Cheibriados
Elyvilon
Fedhas
Gozag
Kikubaaqudgha
Makhleb
Nemelex Xobeh
Okawaru
Qazlal
Ru
Sif Muna
Uskayaw
Vehumet
Wu Jian
Xom

Shops:
D:5 (

Annotations:
D:6 1 runed translucent door, Crazy Yiuf, Eustachio


Innate Abilities, Weirdness & Mutations

You have large cloven feet.
You are mostly covered in icy blue scales. (AC +3)
You are completely covered in sharp spines.
Spells you cast may paralyse adjacent enemies.


Message History

The rat is struck by your spines.
You kill the rat!
The rat's corpse disappears in a puff of smoke!
Unknown command.
Eustachio mumbles some strange words.
Eustachio blinks!
Unknown command.
The river rat bites you but does no damage.
Unknown command.
You hit the river rat. Your kick misses the river rat.
The river rat is moderately wounded.
The river rat is struck by your spines.
You kill the river rat!
The river rat's corpse disappears in a puff of smoke!
Eustachio hits you with a +0 rapier of holy wrath!
* * * LOW HITPOINT WARNING * * *
You convulse.
* * * LOW HITPOINT WARNING * * *
Unknown command.
You hit Eustachio.
Eustachio is heavily wounded.
Eustachio hits you but does no damage.
Unknown command.
You barely miss Eustachio. You kick Eustachio.
Eustachio is severely wounded.
Eustachio barely misses you.
Unknown command.
Unknown command.
You closely miss Eustachio. Your kick misses Eustachio.
Eustachio is severely wounded.
Eustachio casts a spell.
Unknown command.
Unknown command.
You completely miss Eustachio.
Eustachio is severely wounded.
You block Eustachio's attack.
Eustachio hits you with a +0 rapier of holy wrath.
* * * LOW HITPOINT WARNING * * *
You convulse.
You die...

....# #####
##..## #####
###...## .#
###......# P♣
###...<....##
♣♣
#...........# ♣
#...........##
##...5.......#
#...@....($..#
♣
##.55@......#.#
♣
#..........#..
# ###........#
. #####......
.# ####.. )# ##


You could see Eustachio (strong), an iron imp (summoned), a shadow imp
(summoned) and an ufetubus (summoned).

Vanquished Creatures
  An ice beast (D:5)
  A black bear (D:5)
  An ogre (D:4)
  2 sky beasts (D:5)
  A necrophage (D:6)
  A kobold brigand (D:4)
  A water moccasin zombie (D:5)
  A scorpion (D:4)
  A water moccasin skeleton (D:5)
  2 hounds
  A centaur skeleton (D:5)
  3 iguanas
  Ijyb (D:3)
  3 orc wizards
  2 killer bee zombies
  A howler monkey skeleton (D:5)
  7 gnolls
  2 adders
  A shadow imp (D:6)
  3 ufetubi
  4 dart slugs
  10 orcs
  3 ball pythons
  4 endoplasms
  2 giant cockroaches
  8 goblins
  4 hobgoblins
  10 jackals
  2 quokkas (D:1)
  2 bats (D:1)
  A frilled lizard (D:2)
  4 kobolds
90 creatures vanquished.

Vanquished Creatures (others)
  6 plants
  4 withered plants (D:2)
10 creatures vanquished.

Grand Total: 100 creatures vanquished

Notes
Turn   | Place    | Note
-------+----------+-------------------------------------------
     0 | D:1      | Morbidden the Demonspawn Fighter began the quest for the
                  | Orb.
     0 | D:1      | Reached XP level 1. HP: 18/18 MP: 1/1
   256 | D:1      | Gained mutation: You are partially covered in sharp spines.
                  | [demonic ancestry]
   256 | D:1      | Reached XP level 2. HP: 17/24 MP: 2/2
   687 | D:1      | Learned a level 1 spell: Pain
  1166 | D:2      | Found a faded altar of an unknown god.
  1493 | D:2      | Gained mutation: You are partially covered in icy blue
                  | scales. (AC +2) [demonic ancestry]
  1493 | D:2      | Reached XP level 3. HP: 29/29 MP: 3/3
  2214 | D:3      | You fall into a shaft and drop 3 floors!
  2248 | D:6      | Reached skill level 1 in Spellcasting
  2248 | D:6      | Reached skill level 1 in Necromancy
  2248 | D:6      | Gained mutation: You are mostly covered in sharp spines.
                  | [demonic ancestry]
  2248 | D:6      | Reached XP level 4. HP: 26/35 MP: 3/5
  2444 | D:6      | Found a runed translucent door.
  2445 | D:6      | Noticed Crazy Yiuf
  2494 | D:6      | Noticed a necrophage
  2506 | D:6      | Killed a necrophage
  2507 | D:6      | Reached skill level 1 in Dodging
  2507 | D:6      | Gained mutation: You have large cloven feet. [demonic
                  | ancestry]
  2507 | D:6      | Reached XP level 5. HP: 32/41 MP: 5/7
  2805 | D:6      | Noticed Eustachio
  2809 | D:5      | Entered Level 5 of the Dungeon
  2816 | D:5      | Gained mutation: Spells you cast may paralyse adjacent
                  | enemies. [demonic ancestry]
  2816 | D:5      | Reached XP level 6. HP: 46/48 MP: 8/8
  2851 | D:5      | Found a hide-covered altar of Uskayaw.
  2873 | D:5      | Noticed an ice beast
  3158 | D:4      | Found a staircase to the Ecumenical Temple.
  3172 | Temple   | Entered the Ecumenical Temple
  3603 | D:4      | Reached skill level 1 in Throwing
  3603 | D:4      | Gained mutation: You are mostly covered in icy blue scales.
                  | (AC +3) [demonic ancestry]
  3603 | D:4      | Reached XP level 7. HP: 54/54 MP: 10/10
  4450 | D:3      | Noticed Ijyb
  4460 | D:3      | Killed Ijyb
  4510 | D:3      | Found a snail-covered altar of Cheibriados.
  4630 | D:3      | Became a worshipper of Cheibriados the Contemplative
  5120 | D:5      | Reached skill level 1 in Invocations
  5199 | D:5      | Gained mutation: You are completely covered in sharp
                  | spines. [demonic ancestry]
  5199 | D:5      | Reached XP level 8. HP: 31/61 MP: 12/12
  5442 | D:5      | Found Keawuage's Weapon Emporium.
  5705 | D:5      | Reached * piety under Cheibriados
  5946 | D:6      | HP: 3/61 [Eustachio (6)]
  5946 | D:6      | Slain by Eustachio

Illustrated notes

Levels and vault maps discovered:
D:1:      scummos_arrival_gate, layout_loops_corners
D:2:      layout_loops_ring, shapermc_ecumenical_altar_flowoftime
D:3:      layout_basic, cheibriados_altar_1, chequers_avenue, dk_noncrumbling_3,
          grunt_decor_mini_mirrors, chequers_big_river, uniq_ijyb
D:4:      layout_cave_pods, minmay_temple_entry_arrows, minmay_curled_crystal
D:5:      layout_basic, eat_drink_and_be_merry_uskayaw, serial_shops, shop
D:6:      layout_cave_pods, uniq_eustachio, uniq_crazy_yiuf_cottage
Temple:   eino_temple_water

Skill      XL: |  1  2  3  4  5  6  7  8 |
---------------+-------------------------+-----
Long Blades    | 2 3 4 |  4.8
Armour         | 3 4 |  4.1
Spellcasting   | 1 2 3 |  3.0
Necromancy     | 1 2 3 |  3.3
Dodging        | 1 2 |  2.4
Shields        | 3 4 |  4.0
Fighting       | 4 |  4.5
Throwing       | 1 |  1.0
Invocations    | 1 |  1.9
Stealth        | |  0.2

Action                   |  1- 3 |  4- 6 |  7- 9 || total
-------------------------+-------+-------+-------++-------
Melee: Long sword        |    80 |    49 |   113 ||   242
       Kick              |       |    14 |    28 ||    42
Throw: Boomerang         |     5 |    11 |       ||    16
  Use: Potion            |       |     1 |       ||     1
       Scroll            |       |       |     3 ||     3
Armor: Scale mail        |    23 |       |       ||    23
       Chain mail        |    15 |    28 |    72 ||   115
Dodge: Dodged            |    23 |    18 |    43 ||    84
Block: Buckler           |    19 |     8 |       ||    27
       Kite shield       |       |    15 |    65 ||    80
